 Dungeon Crawl Stone Soup version 0.31-a0-204-g7da18cac08 (webtiles) character file.

Game seed: 341109384130930659

1425 qw the Skirmisher (level 8, -2/46 HPs)
             Began as a Deep Elf Hunter on June 27, 2023.
             Slain by an ufetubus (4 damage)
             ... while paralysed by Maggie
             ... on level 6 of the Dungeon.
             The game lasted 00:01:41 (3652 turns).

qw the Skirmisher (Deep Elf Hunter)                 Turns: 3652, Time: 00:01:41

Health: -2/46      AC:  7    Str: 10    XL:     8   Next: 44%
Magic:  10/10      EV:  2    Int: 15    God:
Gold:   205        SH:  0    Dex: 24    Spells: 7/7 levels left

rFire   . . .        Y - +1 shortbow
rCold   . . .        (shield currently unavailable)
rNeg    . . .        g - +0 ring mail
rPois   .            e - +0 helmet
rElec   .            (no cloak)
rCorr   .            d - +0 pair of gloves
SInv    .            (no boots)
Will    .....        b - amulet of regeneration
Stlth   ++           h - +6 ring of dexterity
HPRegen 1.07/turn    (no ring)
MPRegen 0.12/turn

%: no passive effects
@: paralysed
A: no striking features
a: no special abilities


You were on level 6 of the Dungeon.
You visited 1 branch of the dungeon, and saw 6 of its levels.

You collected 205 gold pieces.


   Skills:
 - Level 3.1 Fighting
 + Level 12.7 Ranged Weapons
 - Level 1.0 Armour
 - Level 5.1 Dodging
 - Level 1.2 Stealth


You had 7 spell levels left.
You didn't know any spells.
Your spell library was empty.

Inventory:

Hand Weapons
 Y - a +1 shortbow (weapon)
Armour
 d - a +0 pair of gloves (worn)
 e - a +0 helmet (worn)
 g - a +0 ring mail (worn)
 l - a +1 pair of boots of flying
Jewellery
 b - an amulet of regeneration (around neck)
 h - a +6 ring of dexterity (left hand)
Scrolls
 a - 3 scrolls of identify
Potions
 c - a potion of enlightenment
 f - a potion of invisibility {unknown}
 i - a potion of resistance
 k - 3 potions of curing

Dungeon Overview and Level Annotations

Branches:
Dungeon (6/15)
 Temple: D:4-7

Altars:
Elyvilon
Trog
Zin

Annotations:
D:5 1 runed translucent door, Crazy Yiuf
D:6 Maggie


Message History

Maggie casts a spell at you. The bolt of fire hits you!!
Ouch! That really hurt!
You hear a shout!
3642 ||| DRINKING potion of heal wounds.
You feel much better.
Maggie zaps a wand.
You suddenly lose the ability to move!
An ufetubus comes into view.
Maggie points at you and mumbles some strange words.
The bolt of fire hits you.
You can move again.
You shoot an arrow. The arrow hits Maggie.
Maggie is heavily wounded.
You shoot an arrow.
The arrow hits the ufetubus but does no damage.
The ufetubus misses you. The ufetubus barely misses you.
Maggie hits you from afar with a +0 glaive!
The ufetubus hits you. The ufetubus closely misses you.
You shoot an arrow. The arrow misses the ufetubus.
Maggie zaps a wand.
You easily resist.
The ufetubus completely misses you. The ufetubus closely misses you.
You shoot an arrow. The arrow closely misses the ufetubus.
You break out of your daze.
The ufetubus hits you but does no damage.
The ufetubus hits you. Maggie closely misses you.
You shoot an arrow. The arrow hits the ufetubus!
The ufetubus is almost dead.
The ufetubus hits you but does no damage.
The ufetubus barely misses you.
Maggie zaps a wand.
You suddenly lose the ability to move!
The ufetubus hits you but does no damage. x2
The ufetubus hits you but does no damage. x2
Maggie hits you from afar with a +0 glaive.
The ufetubus hits you but does no damage.
The ufetubus hits you.
Maggie zaps a wand.
You easily resist.
The ufetubus hits you. x2
The ufetubus hits you but does no damage. x2
Maggie hits you from afar with a +0 glaive!
The ufetubus hits you.
You die...

# #.######### #.
#.....##..<. .## #.##.#
#.#...## .... ....
#...#...
.....#####.#..###.#...##
.......>..# #...%.##.##
.....@.@5## ##.....#.#
....####..###....#.#.# .
#.#.#.....#.#.#
#.#..##)###.#.#
.#######.......###.#.#
...........######....#
############ #.#..#
#...## #####


You could see Maggie and an ufetubus.

Vanquished Creatures
  Grinder (D:3)
  Eustachio (D:4)
  Menkaure (D:4)
  A water moccasin (D:4)
  A black bear (D:5)
  A sky beast (D:6)
  2 ogres
  A scorpion (D:5)
  2 hounds (D:5)
  2 jellies (D:4)
  2 iguanas
  A sleepcap (D:4)
  Jessica (D:3)
  3 orc wizards (D:4)
  Robin (D:3)
  3 gnolls (D:3)
  3 adders
  2 worms
  A dart slug (D:1)
  3 orcs
  A bat (D:2)
  3 endoplasms
  19 goblins
  4 hobgoblins
  4 kobolds
  4 quokkas
  7 ball pythons
  3 frilled lizards
  10 rats
88 creatures vanquished.

Notes
Turn   | Place    | Note
-------+----------+-------------------------------------------
     0 | D:1      | qw the Deep Elf Hunter began the quest for the Orb.
     0 | D:1      | Reached XP level 1. HP: 12/12 MP: 3/3
     0 | D:1      | 0 ||| qw: Version: 0.3-a-22-g0ed2b0b
     0 | D:1      | 0 ||| qw: Game counter: 6429
     0 | D:1      | 0 ||| qw: Melee chars always use a shield: true
     0 | D:1      | 0 ||| qw: God list: Okawaru
     0 | D:1      | 0 ||| qw: Allow faded altars: false
     0 | D:1      | 0 ||| qw: Do Orc after clearing Dungeon:15 true
     0 | D:1      | 0 ||| qw: Do second Lair branch before Depths: true
     0 | D:1      | 0 ||| qw: Lair rune preference: random
     0 | D:1      | 0 ||| qw: Goals: Normal
     0 | D:1      | 0 ||| PLANNING D:1-11
     3 | D:1      | Noticed an electric eel
     4 | D:1      | Noticed an electric eel
   176 | D:1      | Reached skill level 6 in Ranged Weapons
   176 | D:1      | Reached XP level 2. HP: 11/16 MP: 4/4
   544 | D:1      | 544 ||| UPGRADING to +0 pair of gloves.
   549 | D:1      | 549 ||| UPGRADING to +0 ring mail.
   559 | D:1      | 559 ||| DROPPING +0 leather armour.
   560 | D:1      | 560 ||| UPGRADING to +6 ring of dexterity.
   561 | D:1      | 561 ||| READING 2 scrolls labelled LIEMEY AGOSUA.
   562 | D:1      | 562 ||| DRINKING 2 fizzy brown potions.
   563 | D:1      | 563 ||| DROPPING scroll of butterflies.
   745 | D:2      | Reached XP level 3. HP: 19/20 MP: 5/5
   834 | D:2      | Found a glowing silver altar of Zin.
  1000 | D:2      | Reached skill level 7 in Ranged Weapons
  1067 | D:2      | 1067 ||| UPGRADING to amulet of regeneration.
  1072 | D:2      | 1072 ||| READING scroll labelled TIUCEBBISKA.
  1081 | D:2      | 1081 ||| READING scroll labelled FAGGAI IQICW.
  1082 | D:2      | 1082 ||| DRINKING 2 golden potions.
  1083 | D:2      | 1083 ||| DRINKING 2 cyan potions.
  1084 | D:2      | 1084 ||| READING 3 scrolls of identify.
  1084 | D:2      | 1084 ||| IDENTIFYING inky potion
  1085 | D:2      | 1085 ||| READING 2 scrolls of identify.
  1085 | D:2      | 1085 ||| IDENTIFYING coppery potion
  1086 | D:2      | 1086 ||| DROPPING potion of attraction.
  1087 | D:2      | 1087 ||| DROPPING potion of degeneration.
  1089 | D:2      | 1089 ||| Stepping ~*~*~tactically~*~*~ (cloud).
  1090 | D:2      | HP: 5/20 [poisoned by you (poison gas)]
  1095 | D:2      | HP: 3/20 [poisoned by you (poison gas)]
  1363 | D:3      | Noticed Grinder
  1367 | D:3      | Noticed Jessica
  1371 | D:3      | 1371 ||| FLEEEEING.
  1372 | D:3      | 1372 ||| FLEEEEING.
  1373 | D:3      | 1373 ||| FLEEEEING.
  1374 | D:3      | 1374 ||| FLEEEEING.
  1375 | D:3      | 1375 ||| FLEEEEING.
  1387 | D:3      | Killed Jessica
  1388 | D:3      | Reached XP level 4. HP: 19/25 MP: 6/6
  1389 | D:3      | 1389 ||| FLEEEEING.
  1390 | D:3      | 1390 ||| FLEEEEING.
  1391 | D:3      | 1391 ||| FLEEEEING.
  1395 | D:3      | Paralysed by Grinder for 2 turns
  1402 | D:3      | Killed Grinder
  1403 | D:3      | Reached skill level 9 in Ranged Weapons
  1403 | D:3      | Reached XP level 5. HP: 29/29 MP: 7/7
  1403 | D:3      | Reached XP level 6. HP: 34/34 MP: 8/8
  1543 | D:3      | 1543 ||| Stepping ~*~*~tactically~*~*~ (outnumbered).
  1545 | D:3      | 1545 ||| Stepping ~*~*~tactically~*~*~ (outnumbered).
  1551 | D:3      | Noticed Robin
  1564 | D:3      | Killed Robin
  1566 | D:3      | 1566 ||| FLEEEEING.
  1568 | D:3      | 1568 ||| FLEEEEING.
  1569 | D:3      | 1569 ||| FLEEEEING.
  1570 | D:3      | 1570 ||| FLEEEEING.
  1571 | D:3      | 1571 ||| FLEEEEING.
  1572 | D:3      | 1572 ||| FLEEEEING.
  1671 | D:3      | Reached skill level 3 in Dodging
  1857 | D:3      | 1857 ||| UPGRADING to +0 helmet.
  1862 | D:3      | 1862 ||| READING scroll labelled HIBEGIJ GECUN.
  1863 | D:3      | 1863 ||| READING scroll labelled XOCUOG BIZXEG.
  1864 | D:3      | 1864 ||| DRINKING 2 emerald potions.
  1865 | D:3      | 1865 ||| DROPPING potion of magic.
  1876 | D:4      | Noticed Eustachio
  1887 | D:4      | Killed Eustachio
  1888 | D:4      | Reached skill level 3 in Fighting
  1940 | D:4      | Reached skill level 1 in Armour
  1940 | D:4      | Reached XP level 7. HP: 41/41 MP: 9/9
  1988 | D:4      | Reached skill level 10 in Ranged Weapons
  2082 | D:4      | HP: 10/41 [poisoned by a water moccasin]
  2083 | D:4      | 2083 ||| DRINKING 2 potions of heal wounds.
  2100 | D:4      | 2100 ||| FLEEEEING.
  2101 | D:4      | 2101 ||| FLEEEEING.
  2102 | D:4      | 2102 ||| FLEEEEING.
  2103 | D:4      | 2103 ||| FLEEEEING.
  2178 | D:4      | Noticed Menkaure
  2183 | D:4      | Killed Menkaure
  2184 | D:4      | Reached skill level 11 in Ranged Weapons
  2286 | D:4      | HP: 5/41 [ogre/+0 giant club (27)]
  2287 | D:4      | 2287 ||| DRINKING 2 potions of heal wounds.
  2480 | D:4      | 2480 ||| READING 5 scrolls of identify.
  2480 | D:4      | 2480 ||| IDENTIFYING glowing pink potion
  2481 | D:4      | 2481 ||| DROPPING potion of brilliance.
  2519 | D:5      | Entered Level 5 of the Dungeon
  2644 | D:5      | Reached XP level 8. HP: 45/46 MP: 10/10
  2904 | D:5      | Reached skill level 12 in Ranged Weapons
  3085 | D:5      | Found a white marble altar of Elyvilon.
  3088 | D:5      | Found a bloodstained altar of Trog.
  3259 | D:5      | Found a runed translucent door.
  3260 | D:5      | Noticed Crazy Yiuf
  3528 | D:5      | 3528 ||| READING scroll labelled SOFEXE ULLIA.
  3537 | D:5      | 3537 ||| READING 2 scrolls labelled ITTAAC ZITOT.
  3538 | D:5      | 3538 ||| READING scroll labelled MUCIEZ OSKEU.
  3539 | D:5      | 3539 ||| READING 6 scrolls of identify.
  3539 | D:5      | 3539 ||| IDENTIFYING fuming golden potion
  3540 | D:5      | 3540 ||| READING 5 scrolls of identify.
  3540 | D:5      | 3540 ||| IDENTIFYING puce potion
  3541 | D:5      | 3541 ||| READING 4 scrolls of identify.
  3541 | D:5      | 3541 ||| IDENTIFYING pink potion
  3542 | D:5      | 3542 ||| DROPPING potion of ambrosia.
  3543 | D:5      | 3543 ||| DROPPING scroll of amnesia.
  3544 | D:5      | 3544 ||| DROPPING potion of lignification.
  3621 | D:6      | Noticed Maggie
  3641 | D:6      | HP: 9/46 [Maggie/bolt of fire (27)]
  3642 | D:6      | 3642 ||| DRINKING potion of heal wounds.
  3642 | D:6      | Paralysed by Maggie for 2 turns
  3648 | D:6      | Paralysed by Maggie for 4 turns
  3649 | D:6      | HP: 10/46 [Maggie/+0 glaive (5)]
  3651 | D:6      | HP: 1/46 [Maggie/+0 glaive (7)]
  3652 | D:6      | Slain by an ufetubus

Levels and vault maps discovered:
D:1:      arrival_aquarium_b, layout_basic
D:2:      layout_rooms, basic_altar, grunt_ministairs_3, hex_medium,
          minmay_pentomino_t4
D:3:      layout_loops_ring, eino_tiny_chamber, nicolae_elevator_lobby_asterisk,
          uniq_jessica, uniq_robin, uniq_grinder
D:4:      layout_gridville, uniq_eustachio, uniq_menkaure
D:5:      layout_loops_corners, mainiacjoe_overflow_catwalk_spiral,
          grunt_ministairs_8, uniq_crazy_yiuf_cottage
D:6:      layout_loops_ring, minmay_temple_entry_junction,
          ebering_ghost_disaster_area, uniq_blork_the_orc, uniq_maggie

Skill      XL: |  1  2  3  4  5  6  7  8 |
---------------+-------------------------+-----
Ranged Weapons | 6 7 9 11 12 | 12.7
Dodging        | 3 4 5 |  5.1
Fighting       | 3 |  3.1
Armour         | 1 |  1.0
Stealth        | |  1.2

Action                     |  1- 3 |  4- 6 |  7- 9 || total
---------------------------+-------+-------+-------++-------
   Fire: Shortbow          |   115 |    82 |   178 ||   375
    Use: Scroll            |     5 |     2 |     7 ||    14
         Potion            |     3 |     1 |     3 ||     7
 Armour: Ring mail         |     8 |    16 |    58 ||    82
  Dodge: Dodged            |    12 |    25 |    46 ||    83

Table legend:
 A = Non-vault XP
 B = Vault XP
 C = Vault XP percentage of total XP
 D = Non-vault monster count
 E = Vault monster count
 F = Vault count percentage of total count
                 A         B        C        D         E       F
            +---------+---------+-------+---------+---------+-------
      Total |    1074 |     962 |  47.2 |      68 |      20 |  22.7
            +---------+---------+-------+---------+---------+-------
        D:1 |      33 |       0 |   0.0 |      20 |       0 |   0.0
        D:2 |      21 |      17 |  44.7 |       9 |       4 |  30.8
        D:3 |      58 |     364 |  86.3 |      12 |      12 |  50.0
        D:4 |     532 |     365 |  40.7 |      18 |       2 |  10.0
        D:5 |     249 |     216 |  46.5 |       6 |       2 |  25.0
        D:6 |     181 |       0 |   0.0 |       3 |       0 |   0.0
            +---------+---------+-------+---------+---------+-------
